Map: Jagannatha LE

Players

Massa - Winner!

  • Race: Terran Terran
  • League: Platinum
  • Spawn Location: 1:00

Byshop

  • Race: Protoss Protoss
  • League: Platinum
  • Spawn Location: 7:00

VOD

Have the link to the VOD?

Description

Time

  • Played on: Nov. 1, 2020, 6:03 p.m.
  • Length: 17:07
Show
View Real Time Build Order
Export as new Build Order

Massa Terran - Winner!

Build Orders:  

Get SALT Encoding   

  12  0:00  SCV  
  13  0:12  SCV  
  14  0:21  Supply Depot  
  14  0:24  SCV  
  15  0:30  Refinery  
  15  0:42  SCV  
  16  0:45  Barracks  
  16  0:54  SCV  
  17  1:07  SCV  
  18  1:19  SCV  
  19  1:31  SCV  
  20  1:33  Reaper  
  21  1:43  Orbital Command  
  21  1:57  Command Center  
  21  2:05  Marine  
  22  2:11  Factory  
  22  2:14  SCV  
  23  2:29  Supply Depot  
  23  2:30  Barracks Reactor  
  23  2:45  SCV  
  23  2:57  SCV  
  24  3:07  Factory Tech Lab  
  24  3:10  SCV, Marine x2  
  27  3:14  Orbital Command  
  27  3:20  Starport  
  27  3:23  Engineering Bay  
  27  3:28  SCV, Barracks, Marine x2  
  27  3:33  Widow Mine  
  32  3:40  SCV  
  33  3:42  SCV  
  33  3:46  Marine x2  
  36  3:52  Refinery, SCV  
  37  3:57  Missile Turret  
  37  3:59  Medivac  
  37  4:02  Missile Turret  
  39  4:03  Widow Mine  
  39  4:05  Marine x2  
  39  4:08  SCV  
  39  4:09  SCV  
  45  4:15  Barracks Tech Lab  
  45  4:18  Supply Depot  
  45  4:20  SCV  
  46  4:24  Supply Depot  
  46  4:26  Barracks  
  46  4:34  Marine  
  46  4:38  Marine  
  46  4:40  SCV  
  47  4:47  Siege Tank  
  51  5:05  Stimpack  
  49  5:20  Widow Mine  
  48  5:41  Widow Mine  
  49  5:45  Orbital Command  
  49  5:48  Marauder  
  50  6:08  Barracks Tech Lab  
  50  6:09  Marauder  
  52  6:13  Barracks  
  52  6:19  Barracks  
  52  6:24  Barracks  
  52  6:28  Marauder  
  54  6:36  Orbital Command, Supply Depot  
  54  6:37  Supply Depot  
  54  6:44  Concussive Shells  
  54  6:58  Marauder, Siege Tank  
  54  7:00  Supply Depot x2  
  59  7:10  Marauder  
  59  7:13  Barracks Reactor x2, Barracks Tech Lab  
  61  7:19  SCV  
  61  7:20  SCV, Marauder  
  65  7:24  Supply Depot x2  
  65  7:31  SCV  
  65  7:32  SCV, Marauder  
  65  7:36  Refinery  
  69  7:40  Command Center  
  69  7:41  Refinery, Marauder  
  69  7:44  SCV  
  71  7:53  Marauder  
  71  7:54  Barracks  
  73  8:02  Marauder  
  75  8:06  Missile Turret  
  75  8:11  Marauder  
  77  8:13  Marine x4  
  77  8:14  Marauder  
  83  8:23  Combat Shield  
  83  8:24  Marauder  
  85  8:32  SCV x2  
  85  8:33  Marauder  
  89  8:36  Marauder  
  89  8:38  Marine x4  
  95  8:42  Marine x2  
  95  8:44  SCV x2  
  95  8:45  Marauder  
  101  8:54  Marauder  
  103  8:56  SCV, Marine x3  
  103  8:57  Marauder  
  103  9:00  Marine x2  
  107  9:06  Marauder  
  104  9:16  Marauder  
  102  9:19  Marauder  
  104  9:26  Siege Tank  
  104  9:28  Marauder  
  109  9:32  SCV  
  109  9:33  SCV  
  109  9:35  Marine x3  
  109  9:37  Marauder  
  116  9:44  SCV  
  117  10:00  Marauder  
  117  10:01  SCV x2  
  117  10:05  Marauder  
  116  10:07  Marauder  
  116  10:13  SCV x2  
  100  10:22  Marauder  
  100  10:25  SCV x2  
  100  10:27  Marauder  
  108  10:28  Marauder  
  108  10:29  Marine x6  
  114  10:38  SCV  
  114  10:40  Sensor Tower  
  114  10:42  Orbital Command  
  110  10:43  Marauder  
  110  10:46  Marine, Viking  
  110  10:47  Marine x5  
  116  10:56  Supply Depot  
  116  11:04  Marine  
  117  11:17  Marauder, Marine x4, Viking  
  117  11:18  Starport  
  125  11:28  Armory, Terran Infantry Weapons Level 1  
  125  11:31  Engineering Bay  
  125  11:36  Refinery  
  125  11:37  Refinery  
  125  11:40  Command Center  
  125  11:49  Missile Turret  
  125  12:00  Starport Tech Lab, Starport Reactor  
  125  12:08  Sensor Tower  
  125  12:16  Supply Depot  
  125  12:17  Supply Depot  
  125  12:18  Supply Depot  
  125  12:20  Supply Depot x3  
  125  12:21  Supply Depot  
  125  12:25  Smart Servos  
  125  12:33  Terran Infantry Armor Level 1  
  125  12:35  Terran Vehicle And Ship Armor Level 1  
  125  12:38  Marauder, Marine x3, Siege Tank  
  125  12:39  SCV x3, Marauder x2, Cloaking Field, Marine x3  
  125  12:41  Viking x2, Supply Depot x2  
  125  12:42  Supply Depot  
  125  12:43  Medivac  
  149  12:51  SCV x3  
  149  12:55  Marine x2  
  149  12:56  Marine  
  155  12:59  Marauder  
  155  13:01  Marauder x2  
  155  13:03  SCV x2  
  155  13:04  SCV  
  164  13:10  Siege Tank  
  164  13:11  Viking, Medivac  
  171  13:13  Medivac  
  173  13:21  Marauder  
  173  13:22  Marauder x2  
  173  13:24  SCV, Sensor Tower  
  173  13:25  SCV x2  
  182  13:28  Planetary Fortress  
  182  13:36  SCV  
  182  13:37  SCV x2  
  184  13:43  Marauder x2, Marine  
  184  13:44  Drilling Claws, Marauder, Marine x4  
  184  13:45  Marine  
  184  13:46  Medivac  
  198  13:48  SCV  
  198  13:49  SCV  
  200  14:00  SCV  
  200  14:01  SCV  
  197  14:05  Marauder x2  
  200  14:22  Terran Infantry Weapons Level 2  
  166  15:24  Marauder  
  166  15:25  Marauder x2, Marine x6  
  166  15:26  Siege Tank  
  175  15:35  Medivac  
  175  15:36  Medivac x2  
  178  15:43  Marine x2  
  178  15:46  Marauder x3  
  182  15:58  Siege Tank  
  185  16:05  Medivac  
  185  16:06  Medivac x2  
  185  16:07  Marauder  
  185  16:08  Marauder x2  
  173  16:27  Marine x6  
  173  16:29  Marauder x3  
  173  16:30  Siege Tank  
  176  16:44  Marine  
  176  16:45  Marine x5  
Show
View Real Time Build Order
Export as new Build Order

Byshop Protoss 

Build Orders:  

Get SALT Encoding   

  12  0:00  Probe  
  13  0:13  Probe  
  14  0:18  Pylon  
  14  0:25  Probe  
  15  0:37  Probe (Chrono Boost)  
  15  0:38  Gateway  
  16  0:49  Probe (Chrono Boost)  
  17  0:54  Assimilator  
  17  0:57  Probe (Chrono Boost)  
  18  1:03  Probe  
  19  1:15  Probe  
  20  1:27  Probe  
  20  1:28  Assimilator  
  21  1:37  Cybernetics Core  
  21  1:39  Probe  
  22  1:41  Pylon  
  22  1:42  Assimilator  
  21  2:13  Stalker (Chrono Boost)  
  21  2:14  Shield Battery  
  21  2:20  Warp Gate  
  23  2:31  Probe  
  23  2:34  Pylon  
  24  2:37  Gateway  
  24  2:39  Twilight Council  
  26  2:57  Nexus  
  24  3:06  Shield Battery  
  24  3:09  Gateway  
  24  3:11  Probe  
  25  3:15  Charge (Chrono Boost)  
  25  3:25  Stalker  
  27  3:34  Stalker  
  29  3:43  Probe  
  30  3:55  Probe  
  31  3:56  Robotics Facility  
  31  4:08  Stalker x2  
  31  4:09  Probe  
  36  4:12  Probe  
  37  4:21  Stalker  
  37  4:22  Probe  
  40  4:42  Stalker x2  
  40  4:43  Probe x2  
  46  4:55  Probe  
  47  5:02  Stalker  
  49  5:07  Stalker x2  
  47  5:55  Stalker x2  
  47  5:56  Stalker  
  53  6:01  Gateway  
  53  6:07  Forge  
  53  6:12  Pylon  
  53  6:18  Assimilator  
  53  6:20  Assimilator  
  53  6:21  Pylon  
  53  6:29  Nexus  
  53  6:30  Immortal (Chrono Boost)  
  53  6:31  Pylon x2  
  53  6:32  Pylon  
  57  6:33  Pylon  
  57  6:37  Stalker x2  
  61  6:44  Probe x2  
  63  6:48  Stalker  
  63  6:49  Protoss Ground Weapons Level 1 (Chrono Boost)  
  65  7:03  Observer (Chrono Boost)  
  65  7:08  Probe (Chrono Boost)  
  68  7:09  Probe (Chrono Boost)  
  68  7:20  Probe (Chrono Boost)  
  70  7:26  Probe (Chrono Boost)  
  70  7:28  Probe (Chrono Boost)  
  71  7:32  Photon Cannon  
  71  7:34  Photon Cannon  
  71  7:35  Probe (Chrono Boost)  
  71  7:36  Probe (Chrono Boost)  
  73  7:43  Probe (Chrono Boost), Stalker  
  77  7:46  Probe (Chrono Boost)  
  77  7:47  Shield Battery  
  77  7:50  Probe (Chrono Boost)  
  77  7:51  Probe (Chrono Boost)  
  79  7:53  Gateway  
  79  7:56  Probe (Chrono Boost)  
  79  7:57  Probe  
  81  7:58  Photon Cannon  
  81  8:01  Assimilator  
  81  8:07  Probe  
  81  8:09  Templar Archives, Stalker  
  84  8:13  Immortal (Chrono Boost)  
  88  8:31  Robotics Bay  
  88  8:34  Forge  
  88  8:42  Protoss Shields Level 1 (Chrono Boost)  
  88  8:53  Stalker x4  
  60  9:27  Stalker x4  
  60  9:29  Zealot  
  70  9:36  Colossus (Chrono Boost)  
  76  9:48  Gateway  
  76  9:49  Zealot  
  76  9:50  Zealot  
  80  9:53  Gateway  
  80  9:54  Gateway  
  80  9:58  Zealot x2  
  80  9:59  Zealot  
  84  10:10  Zealot  
  72  10:23  Gateway  
  72  10:25  Gateway  
  59  10:47  Zealot  
  59  10:48  Zealot x4  
  59  10:49  Probe x3  
  72  10:52  Protoss Ground Weapons Level 2 (Chrono Boost)  
  72  10:57  Protoss Shields Level 2 (Chrono Boost)  
  72  11:08  Probe x2  
  74  11:12  Probe  
  75  11:20  Probe x2  
  75  11:21  Zealot  
  75  11:24  Probe  
  80  11:31  High Templar x3  
  87  11:32  Probe  
  87  11:35  Archon  
  87  11:41  High Templar  
  87  11:45  Assimilator  
  89  11:50  Archon  
  89  12:05  Zealot  
  89  12:06  Zealot x2  
  95  12:12  Nexus  
  95  12:13  High Templar  
  95  12:14  Pylon  
  97  12:18  Pylon  
  97  12:21  Extended Thermal Lance (Chrono Boost)  
  97  12:23  Gateway  
  97  12:31  Zealot x2  
  97  12:33  Probe  
  102  12:41  Shield Battery  
  102  12:45  Zealot  
  102  12:46  Zealot  
  102  12:51  Probe x3  
  109  12:58  High Templar x2  
  111  13:02  Archon  
  113  13:36  Zealot x3  
  113  13:37  Zealot x4  
  113  13:38  High Templar x2  
  113  13:39  Probe (Chrono Boost)  
  136  13:48  Probe x3 (Chrono Boost)  
  136  13:49  Probe (Chrono Boost)  
  136  13:54  Probe (Chrono Boost)  
  136  13:56  Gateway  
  136  13:58  Photon Cannon  
  136  14:02  Gateway  
  125  14:05  Probe  
  118  14:10  Archon  
  118  14:17  Probe  
  118  14:20  High Templar x2  
  118  14:21  High Templar  
  125  14:25  Archon  
  125  14:26  Warp Prism  
  127  14:31  Zealot x3  
  127  14:32  Zealot x4  
  107  14:57  Zealot x5  
  107  14:58  Zealot  
  105  15:06  Colossus (Chrono Boost)  
  106  15:10  Zealot x2  
  106  15:11  Zealot  
  69  15:21  Adept x2  
  69  15:22  Adept  
  66  15:36  Adept x2  
  55  15:57  Colossus (Chrono Boost)  
  60  16:09  High Templar  
  40  16:27  Zealot x3  
Tags
 
Add a new tag
Caveats
  • Supply blocks, unpowered buildings, or Contaminate may cause inaccurate times.
  • Supply counts are checked every 10 seconds.